 Dungeon Crawl Stone Soup version 0.30-a0-125-g51eefa89be (webtiles) character file.

Game seed: 9180318637043442030

317 blackman the Cleaver (level 6, 0/51 HPs)
             Began as a Minotaur Chaos Knight on Sept 18, 2022.
             Was a Plaything of Xom.
             Slain by a frilled lizard (1 damage)
             ... in a sewer.
             The game lasted 00:05:37 (2685 turns).

blackman the Cleaver (Minotaur Chaos Knight)        Turns: 2685, Time: 00:05:39

Health: 0/51       AC: 11    Str: 18      XL:     6   Next: 20%
Magic:  5/5        EV:  5    Int:  9      God:    Xom [*.....]
Gold:   150        SH:  0    Dex:  9 (10) Spells: 5/5 levels left

rFire   + . .      SeeInvis .    a - +0 hand axe (chaos)
rCold   + . .      Faith    .    (no shield)
rNeg    . . .      Spirit   .    p - +0 plate armour
rPois   +          Reflect  .    (helmet restricted)
rElec   +          Harm     .    (no cloak)
rCorr   +          Rampage  .    (no gloves)
Will    .....                    (no boots)
Stlth   ..........               (no amulet)
HPRegen 0.17/turn                (no ring)
MPRegen 0.09/turn                (no ring)

@: lethally poisoned (0 -> -5), resistant, flying, slowed, very slow
A: horns 2, retaliatory headbutt, hooves 1, screaming 1
a: Renounce Religion


You were in a sewer.
You worshipped Xom.
You were a special plaything of Xom.
You visited 1 branch of the dungeon, and saw 3 of its levels.
You also visited: Sewer.

You collected 150 gold pieces.

Inventory:

Hand Weapons
 a - a +0 hand axe of chaos (weapon)
Armour
 b - a +2 leather armour
 p - a +0 plate armour (worn)
Scrolls
 d - a scroll of identify {unknown}
 g - a scroll of noise {unknown}
 h - a scroll of silence {unknown}
 i - a scroll of enchant armour {unknown}
 l - a scroll of vulnerability {unknown}
 m - a scroll of fog {unknown}
 n - a scroll of teleportation {unknown}
Potions
 f - 3 potions of flight
 k - a potion of curing {unknown}
 o - a potion of degeneration {unknown}
Miscellaneous
 c - a piece from Xom's chessboard (15/15) (quivered)


   Skills:
 - Level 3.6 Fighting
 + Level 8.5 Axes
 - Level 2.4 Armour
 - Level 1.1 Dodging


You had 5 spell levels left.
You didn't know any spells.
Your spell library contained the following spells:

 Spells                   Type           Power      Damage    Failure   Level
 Magic Dart               Conj           0%         1d3       100%        1
 Searing Ray              Conj           0%         2d4       100%        2
 Fulminant Prism          Conj/Hex       0%         3d6       100%        4


Dungeon Overview and Level Annotations

Branches:
Dungeon (3/15)              Sewer (1/1)

Altars:

Shops:
D:1 ?


Innate Abilities, Weirdness & Mutations

You have a pair of horns on your head.
You reflexively headbutt those who attack you in melee.
You have large cloven feet.
You occasionally shout uncontrollably at your foes.


Message History

The curare-tipped dart hits you.
You are more poisoned.
You have difficulty breathing.
You feel as though you will be slow longer.
The kobold brigand throws a curare-tipped dart.
The curare-tipped dart hits you.
You are more poisoned.
You have difficulty breathing.
You feel as though you will be slow longer.
The bat attacks as you move away! The bat hits you but does no damage.
* * * LOW HITPOINT WARNING * * *
You feel extremely sick. The bat barely misses you.
The bat hits you but does no damage. x2
It was a potion of mutation.
You feel extremely strange.
Your magical essence no longer links to wands of the dungeon.
You feel agile.
Your hooves look more like feet.
Xom thinks this is hilarious!
* * * LOW HITPOINT WARNING * * *
You feel very sick. The bat hits you but does no damage.
The frilled lizard bites you but does no damage.
It was a potion of flight.
You feel very buoyant.
You fly up into the air.
* * * LOW HITPOINT WARNING * * *
You feel very sick. The bat barely misses you.
The frilled lizard bites you but does no damage.
The kobold brigand hits you but does no damage.
The frilled lizard barely misses you. The bat barely misses you.
It was a potion of resistance.
You feel protected.
Xom thinks this is hilarious!
* * * LOW HITPOINT WARNING * * *
You feel very sick. The bat hits you but does no damage.
The kobold brigand hits you but does no damage.
The frilled lizard bites you.
You die...
Xom laughs nastily!

.....~~#~≈~#~~P.
......~#~≈~~P~~.
.......#~≈~~~~~.
.......#~≈~~~~P.
.....~~#~~~~~~
.....~~#~≈~#
.....~~#)≈~#
....~~)l~≈~#
....~~~#@≈~#
....P~~#K≈b#
......~#~~~#
......~#~≈~#
.......#~≈~#
#...~.~#~≈~#
#...~~~#~≈~#
#~≈~~ #~~~##


You could see a kobold brigand, a bat and a frilled lizard.

Vanquished Creatures
  A centaur (D:3)
  A kobold brigand (Sewer)
  A hound (D:3)
  An orc priest (D:3)
  Terence (D:2)
  2 adders
  A worm (D:2)
  3 orcs (D:3)
  6 endoplasms
  A giant cockroach (D:3)
  5 goblins
  A hobgoblin (D:1)
  3 jackals (D:2)
  12 kobolds
  4 quokkas
  9 ball pythons
  6 bats
  3 frilled lizards
  7 rats
68 creatures vanquished.

Vanquished Creatures (others)
  9 plants (Sewer)
9 creatures vanquished.

Grand Total: 77 creatures vanquished

Notes
Turn   | Place    | Note
-------+----------+-------------------------------------------
     0 | D:1      | blackman the Minotaur Chaos Knight began the quest for the
                  | Orb.
     0 | D:1      | Reached XP level 1. HP: 19/19 MP: 0/0
    26 | D:1      | XOM: silly message
    85 | D:1      | Reached skill level 4 in Axes
   236 | D:1      | Reached XP level 2. HP: 22/26 MP: 1/1
   335 | D:1      | Found a faded altar of an unknown god.
   408 | D:1      | XOM: divination: detect creatures
   432 | D:1      | XOM: 4-stop teleportation journey
   523 | D:1      | XOM: give mutations
   523 | D:1      | Gained mutation: You have very sharp teeth. [Xom's
                  | mischief]
   523 | D:1      | Gained mutation: You have large cloven feet. [Xom's
                  | mischief]
   523 | D:1      | Gained mutation: Armour fits poorly on your strangely
                  | shaped body. [Xom's mischief]
   524 | D:1      | XOM: silly message
   769 | D:1      | XOM: give mutations
   769 | D:1      | Gained mutation: Your magical capacity is low. (-10% MP)
                  | [Xom's mischief]
   769 | D:1      | Lost mutation: You have very sharp teeth. [Xom's mischief]
   769 | D:1      | Lost mutation: Armour fits poorly on your strangely shaped
                  | body. [Xom's mischief]
   769 | D:1      | Gained mutation: You occasionally shout uncontrollably at
                  | your foes. [Xom's mischief]
   779 | D:1      | Found Zuacuric's Magic Scroll Boutique.
   814 | D:1      | You fall into a shaft and drop 1 floor!
   929 | D:2      | Reached skill level 5 in Axes
  1043 | D:2      | Reached XP level 3. HP: 29/31 MP: 1/1
  1163 | D:2      | Noticed Terence
  1169 | D:2      | Killed Terence
  1319 | D:2      | XOM: stat loss: -1 Dex (8/9)
  1479 | D:2      | XOM: summons 4 hostile shadow creatures
  1568 | D:2      | XOM: stat loss: -1 Dex (7/9)
  1582 | D:2      | Reached skill level 6 in Axes
  1582 | D:2      | Reached XP level 4. HP: 35/39 MP: 2/2
  1582 | D:2      | XOM: torment (19/39 hp)
  1846 | D:2      | XOM: give mutations
  1846 | D:2      | Gained mutation: You have hoof-like feet. [Xom's mischief]
  1846 | D:2      | Lost mutation: Your magical capacity is low. (-10% MP)
                  | [Xom's mischief]
  1846 | D:2      | Gained mutation: You are clumsy. (Dex -2) [Xom's mischief]
  1846 | D:2      | Gained mutation: You expend magic power (3 MP) to
                  | strengthen your wands. [Xom's mischief]
  2134 | D:3      | Noticed a centaur
  2143 | D:3      | Killed a centaur
  2144 | D:3      | Reached skill level 7 in Axes
  2144 | D:3      | Reached XP level 5. HP: 27/45 MP: 4/4
  2311 | D:3      | XOM: 5-stop teleportation journey
  2364 | D:3      | Found a glowing drain.
  2376 | D:3      | Reached skill level 8 in Axes
  2377 | Sewer    | Entered a sewer
  2408 | Sewer    | Reached XP level 6. HP: 50/51 MP: 5/5
  2597 | Sewer    | XOM: stat loss: -1 Dex (7/8)
  2649 | Sewer    | XOM: 1-stop teleportation journey
  2683 | Sewer    | Lost mutation: You expend magic power (3 MP) to strengthen
                  | your wands. [potion of mutation]
  2683 | Sewer    | Lost mutation: You are clumsy. (Dex -2) [potion of
                  | mutation]
  2683 | Sewer    | Lost mutation: You have hoof-like feet. [potion of
                  | mutation]
  2685 | Sewer    | HP: 1/51 [poisoned by a kobold brigand (curare-tipped
                  | dart)]
  2685 | Sewer    | Slain by a frilled lizard

Illustrated notes

Levels and vault maps discovered:
D:1:      shiori_shiawase, layout_basic, serial_shops, shop,
          shapermc_ecumenical_altar_venn
D:2:      layout_loops_corners, uniq_terence
D:3:      layout_loops_cross, portal_sewer_entry_b, uniq_sigmund
Sewer:    kennysheep_pipe_town

Skill      XL: |  1  2  3  4  5 |
---------------+----------------+-----
Axes           | 4 5 6 7 8 |  8.5
Fighting       | |  3.6
Armour         | |  2.4
Dodging        | |  1.1

Action                   |  1- 3 |  4- 6 || total
-------------------------+-------+-------++-------
Melee: Hand axe          |    58 |    74 ||   132
       Headbutt          |     7 |     2 ||     9
       Kick              |     6 |    12 ||    18
       Bite              |     1 |       ||     1
Evoke: Piece from Xom's  |       |     1 ||     1
  Use: Potion            |       |     3 ||     3
 Stab: Paralysed         |       |     1 ||     1
Armor: Leather armour    |    20 |    10 ||    30
       Plate armour      |       |    51 ||    51
Dodge: Dodged            |    37 |    38 ||    75

Table legend: (Time is in decaauts)
 A = Elapsed time spent in this place.
 B = Non-inter-level travel time spent in this place.
 C = Inter-level travel time spent in this place.
 D = Time resting spent in this place.
 E = Time spent auto-exploring this place.
 F = Levels seen in this place.
 G = Mean time per level.
                   A        B        C        D        E       F      G
               +--------+--------+--------+--------+--------+-----+--------+
         Total |   2697 |   2578 |    119 |    215 |   1964 |   4 |  674.2 |
       Dungeon |   2379 |   2260 |    119 |      0 |   1939 |   3 |  793.0 |
         Sewer |    317 |    317 |      0 |    215 |     25 |   1 |  317.0 |
               +--------+--------+--------+--------+--------+-----+--------+

Top non-repeatable levels by time:
     D:2: 1260 daAuts
     D:1: 815 daAuts
   Sewer: 317 daAuts
     D:3: 303 daAuts
